 Dungeon Crawl Stone Soup version 0.31-a0-355-g57cb03d3e8 (webtiles) character file.

Game seed: 14264042815631622257

197 Dordric the Scratcher (level 5, -1/22 HPs)
             Began as a Felid Shapeshifter on July 24, 2023.
             Was an Initiate of Dithmenos.
             Slain by an orc
             ... wielding a +0 hand axe
              (4 damage)
             ... on level 5 of the Dungeon.
             The game lasted 00:04:08 (3868 turns).

Dordric the Scratcher (Felid Shapeshifter)          Turns: 3868, Time: 00:04:08

Health: -1/22      AC:  2    Str: 11    XL:     5   Next: 46%
Magic:  6/6        EV: 17    Int: 10    God:    Dithmenos [......]
Gold:   142        SH:  0    Dex: 18    Spells: 4/4 levels left
                                        Lives:  0   Deaths: 1

rFire   . .          .
                       - Unarmed
rCold   . . .        (shield unavailable)
rNeg    . . .        (body armour unavailable)
rPois   .            (helmet unavailable)
rElec   .            (cloak unavailable)
rCorr   .            (gloves unavailable)
SInv    +            (boots unavailable)
Will    .....        (no amulet)
Stlth   ++           (no ring)
HPRegen 0.23/turn    (no ring)
MPRegen 0.10/turn

%: no passive effects
@: beast-form, quick
A: beast (slay +3), very small, claws 1, fangs 3, see invisible, speed 1, shaggy
fur 2, stealthy paws, no weapons or thrown items, no armour, multi-lived
a: Begin Untransformation, Renounce Religion


You were on level 5 of the Dungeon.
You worshipped Dithmenos.
Dithmenos was noncommittal.
You were a hulking beast.
You visited 2 branches of the dungeon, and saw 6 of its levels.

You collected 142 gold pieces.

Inventory:

Talismans
 b - a beast talisman
Wands
 j - a wand of polymorph (7)
Scrolls
 d - 2 scrolls of poison
 g - a scroll of vulnerability
 h - a scroll of identify
 k - 2 scrolls of fog
 l - a scroll of enchant weapon {unknown}
 m - a scroll of silence {unknown}
Potions
 a - 3 potions of lignification
 c - a potion of attraction {unknown}
 e - 2 potions of curing {unknown}
 f - a potion of mutation {unknown}
 i - a potion of degeneration {unknown}


   Skills:
 - Level 1.0 Fighting
 - Level 2.6 Dodging
 + Level 5.5 Unarmed Combat
 + Level 5.4 Shapeshifting


You had 4 spell levels left.
You didn't know any spells.
Your spell library contained the following spells:

 Spells                   Type           Power      Damage    Failure   Level
 Dazzling Flash           Conj/Hex       0%         N/A       75%         3
 Ozocubu's Armour         Ice            0%         N/A       75%         3
 Agony                    Necr           0%         N/A       100%        5
 Metabolic Englaciation   Hex/Ice        0%         N/A       100%        5
 Silence                  Hex/Air        0%         N/A       100%        5
 Simulacrum               Ice/Necr       0%         N/A       100%        6


Dungeon Overview and Level Annotations

Branches:
Dungeon (5/15)             Temple (1/1) D:5

Altars:
Cheibriados
Dithmenos
Elyvilon
Gozag
Okawaru
Qazlal
Ru
Trog
Vehumet
Wu Jian
Xom

Shops:
D:1 [


Innate Abilities, Weirdness & Mutations

You are a hulking beast.
Your limbs bulge with bestial killing power. (Slay +3)
You have sharp claws.
You have razor-sharp teeth.
You have supernaturally acute eyesight. (SInv)
You cover ground quickly. (Speed+)
You are covered in thick fur. (AC +2)
Your paws help you pounce on unaware monsters.
You are incapable of wielding weapons or throwing items.
You cannot wear armour.
You gain extra lives every three experience levels.


Message History

Dithmenos accepts your kill.
You hear an angry growl.
You claw the orc!
You kill the orc!
Dithmenos accepts your kill.
You hear an angry growl.
An orc comes into view. It is wielding a +0 club.
An iguana comes into view.
You barely miss the orc.
You hear an angry growl.
You barely miss the orc.
The iguana hisses angrily.
Your bite misses the orc. The orc completely misses you.
You closely miss the orc. The orc barely misses you.
You scratch the orc.
The orc is severely wounded.
The orc closely misses you. The orc barely misses you.
You scratch the orc but do no damage.
The orc is severely wounded.
The orc hits you with a +0 hand axe. The orc misses you.
You claw the orc!
You kill the orc!
Dithmenos accepts your kill. The orc closely misses you. x2
You barely miss the orc. You bite the orc.
The orc is heavily wounded.
The orc closely misses you. The orc completely misses you.
You barely miss the orc. Your claw misses the orc.
The orc is heavily wounded.
The iguana bites you!
Ouch! That really hurt!
The orc hits you with a +0 club.
* * * LOW HITPOINT WARNING * * *
The orc closely misses you.
You completely miss the iguana. You bite the iguana.
The iguana is lightly wounded.
The iguana closely misses you. The orc hits you with a +0 club.
* * * LOW HITPOINT WARNING * * *
The orc hits you with a +0 hand axe.
You die...

...... #.......!..
#...?.##..........
#......#.......... .
............####.
#............)##
...##.....$....##
#.....##.......†........
.............###.......#
.......h..?..# .....#..
#.....loo...## .......
#.........### .......
....#.>.### ..##.. ..#
#..## . ..#... . ?..
....#... .... .........
#.... ##....### #....#..


You could see an iguana and 2 orcs.

Vanquished Creatures
  2 hounds (D:4)
  4 iguanas
  2 orc wizards
  4 adders
  An ufetubus (D:5)
  15 orcs
  8 ball pythons
  7 bats
  8 endoplasms
  6 giant cockroaches
  3 hobgoblins
  8 jackals
  5 quokkas
  3 frilled lizards
  5 goblins
  6 kobolds
  4 rats
91 creatures vanquished.

Notes
Turn   | Place    | Note
-------+----------+-------------------------------------------
     0 | D:1      | Dordric the Felid Shapeshifter began the quest for the Orb.
     0 | D:1      | Reached XP level 1. HP: 9/9 MP: 2/2
   392 | D:1      | Reached XP level 2. HP: 12/12 MP: 3/3
   959 | D:1      | Found Xohoacoe's Armour Shoppe.
  1150 | D:2      | Found a snail-covered altar of Cheibriados.
  1177 | D:2      | Reached XP level 3. HP: 8/15 MP: 4/4
  2222 | D:3      | Reached XP level 4. HP: 13/19 MP: 5/5
  2649 | D:4      | Reached XP level 5. HP: 22/22 MP: 6/6
  2676 | D:4      | Found a white marble altar of Elyvilon.
  2769 | D:4      | Found a snail-covered altar of Cheibriados.
  2905 | D:4      | Reached skill level 5 in Unarmed Combat
  3098 | D:4      | Reached skill level 5 in Shapeshifting
  3527 | D:5      | Entered Level 5 of the Dungeon
  3540 | D:5      | Found a staircase to the Ecumenical Temple.
  3567 | Temple   | Entered the Ecumenical Temple
  3585 | Temple   | Became a worshipper of Dithmenos the Shadowed
  3630 | D:4      | Gained mutation: You are covered in thick fur. (AC +2)
                  | [Felid growth]
  3630 | D:4      | Reached XP level 6. HP: 3/25 MP: 7/7
  3827 | D:5      | Noticed a water moccasin
  3831 | D:5      | Slain by a black bear
  3832 | D:5      | Reached XP level 5. HP: -1/22 MP: 6/6
  3868 | D:5      | Slain by an orc

Illustrated notes

Levels and vault maps discovered:
D:1:      scummos_arrival_gate, layout_loops_corners, serial_shops,
          nicolae_shop_tiny_waterfront, serial_aquarium, aquarium_bridge_square
          [aquarium_subvault_bridge, aquarium_subvault_wall,
          aquarium_subvault_bridge, aquarium_subvault_wall],
          aquarium_window_corner, aquarium_window_2, aquarium_window_fake,
          aquarium_view_2c, aquarium_view_2a, aquarium_pool_S, minmay_hedge_maze
D:2:      layout_basic, basic_altar, minmay_misc_feat_chi
D:3:      layout_rooms
D:4:      layout_gridville, mainiacjoe_overflow_catwalk,
          mainiacjoe_overflow_alcove_1
D:5:      layout_cave_pools, nzn_hepliaklqana_mist_gate, temple_green
Temple:   hellmonk_temple_rainy

Skill      XL: |  1  2  3  4  5 |
---------------+----------------+-----
Shapeshifting  | 4 5 |  5.4
Unarmed Combat | 4 5 |  5.5
Fighting       | |  1.0
Dodging        | |  2.6

Action                     |  1- 3 |  4- 6 || total
---------------------------+-------+-------++-------
  Melee: Unarmed           |   155 |   107 ||   262
         Bite              |    21 |    15 ||    36
         Punch             |     3 |     6 ||     9
    Use: Scroll            |       |     3 ||     3
   Stab: Sleeping          |     9 |     3 ||    12
 Armour: Skin              |     5 |     3 ||     8
  Dodge: Dodged            |    73 |    91 ||   164

Table legend: (Time is in decaauts)
 A = Elapsed time spent in this place.
 B = Non-inter-level travel time spent in this place.
 C = Inter-level travel time spent in this place.
 D = Time resting spent in this place.
 E = Time spent auto-exploring this place.
 F = Levels seen in this place.
 G = Mean time per level.
                   A        B        C        D        E       F      G
               +--------+--------+--------+--------+--------+-----+--------+
         Total |   3259 |   3130 |    129 |    117 |   2437 |   6 |  543.2 |
       Dungeon |   3234 |   3105 |    129 |    117 |   2437 |   5 |  646.8 |
        Temple |     25 |     25 |      0 |      0 |      0 |   1 |   25.0 |
               +--------+--------+--------+--------+--------+-----+--------+

Top non-repeatable levels by time:
     D:2: 925 daAuts
     D:1: 885 daAuts
     D:4: 841 daAuts
     D:3: 401 daAuts
     D:5: 181 daAuts
  Temple: 25 daAuts
